 Dungeon Crawl Stone Soup version 0.19-a0-1855-gb7442ac (webtiles) character file.

66 Alarkh the Slasher (level 3, -1/27 HPs)
             Began as a Mummy Skald on Oct 11, 2016.
             Slain by a hound (3 damage)
             ... on level 4 of the Dungeon.
             The game lasted 00:02:47 (1969 turns).

Alarkh the Slasher (Mummy Skald)                    Turns: 1969, Time: 00:02:48

Health: -1/27      AC:  3    Str: 15    XL:     3   Next: 96%
Magic:  0/6        EV: 11    Int: 12    God:
Gold:   85         SH:  0    Dex: 11    Spells: 3 memorised, 0 levels left

rFire  x . .     SeeInvis .     a - +0 falchion
rCold  + . .     Gourm    .     b - +0 leather armour
rNeg   + + +     Faith    .     (no shield)
rPois  ∞         Spirit   .     (no helmet)
rElec  .         Dismiss  .     (no cloak)
rCorr  .         Reflect  .     (no gloves)
MR     .....     Harm     .     (no boots)
Stlth  +.........               (no amulet)
                                (no ring)
                                f - ring of poison resistance

@: infused (expiring), very slightly contaminated
A: no food or potions, fire vulnerability, cold resistance 1, negative energy
resistance 3, torment resistance, unbreathing
a: no special abilities


You were on level 4 of the Dungeon.
You were not hungry.

You visited 1 branch of the dungeon, and saw 4 of its levels.

You collected 85 gold pieces.

Inventory:

Hand Weapons
 a - a +0 falchion (weapon)
Armour
 b - a +0 leather armour (worn)
 h - a +0 buckler
Jewellery
 f - a ring of poison resistance (left hand)
Scrolls
 d - 3 scrolls of remove curse
 e - a scroll of identify
 g - a scroll of enchant weapon
 i - a scroll of fog {unknown}
 j - a scroll of teleportation {unknown}
 k - a scroll of noise {unknown}
Books
 c - a book of Battle

   Spells                             Type                      Level
   a - Infusion                       Charms                       1
   b - Shroud of Golubria             Charms/Translocation         2
   c - Song of Slaying                Charms                       2
   d - Spectral Weapon                Hexes/Charms                 3
   e - Regeneration                   Charms/Necromancy            3


   Skills:
 - Level 2.0 Fighting
 + Level 3.5 Long Blades
 - Level 0.7 Armour
 - Level 0.7 Dodging
 - Level 2.0 Spellcasting
 - Level 2.4 Charms


You couldn't memorise any spells.
You knew the following spells:

 Your Spells              Type           Power        Failure   Level  Hunger
a - Infusion              Chrm           #...         14%         1    N/A
b - Shroud of Golubria    Chrm/Tloc      #.........   34%         2    N/A
c - Spectral Weapon       Hex/Chrm       #.......     69%         3    N/A

Dungeon Overview and Level Annotations

Branches:
Dungeon (4/15)
 Temple: D:4-7

Altars:
Xom

Annotations:
D:3 p0werm0de's ghost, weakling OpAM


Innate Abilities, Weirdness & Mutations

You do not eat or drink.
Your flesh is vulnerable to fire.
You are immune to poison.
Your flesh is cold resistant. (rC+)
You are immune to negative energy. (rN+++)
You are immune to unholy pain and torment.
You can survive without breathing.


Message History

The hound is lightly wounded.
You hit the hound.
The hound is heavily wounded.
Your magical infusion is running out.
The hound bites you.
* * * LOW HITPOINT WARNING * * *
The hound barely misses you.
You hit the hound.
The hound is severely wounded.
The hound bites you.
* * * LOW HITPOINT WARNING * * *
You closely miss the hound.
The hound is heavily wounded.
The hound barely misses you.
You riposte.
You closely miss the hound.
The hound is heavily wounded.
The hound barely misses you.
You hit the hound.
The hound is severely wounded.
The hound bites you.
You die...

...########
.......<..##
..#..####..#
# ##.##
#..####
##....#
####.####.#..
#.@h......
######.... .


You could see a hound.

Vanquished Creatures
  2 adders (D:2)
  An ooze (D:2)
  2 dart slugs (D:1)
  A ball python (D:1)
  2 giant cockroaches (D:1)
  5 goblins
  7 hobgoblins
  5 kobolds (D:1)
  4 bats
  2 frilled lizards
  11 rats
42 creatures vanquished.

Notes
Turn   | Place    | Note
-------+----------+-------------------------------------------
     0 | D:1      | Alarkh the Mummy Skald began the quest for the Orb.
     0 | D:1      | Reached XP level 1. HP: 16/16 MP: 3/3
   311 | D:1      | Reached skill level 2 in Long Blades
   382 | D:1      | Reached XP level 2. HP: 15/22 MP: 1/5
  1093 | D:1      | Reached XP level 3. HP: 25/27 MP: 1/6
  1097 | D:1      | Learned a level 2 spell: Shroud of Golubria
  1101 | D:1      | Learned a level 3 spell: Spectral Weapon
  1296 | D:2      | Reached skill level 3 in Long Blades
  1609 | D:2      | Found a shimmering altar of Xom.
  1609 | D:2      | Found a shimmering altar of Xom.
  1610 | D:2      | Found a shimmering altar of Xom.
  1611 | D:2      | Found a shimmering altar of Xom.
  1611 | D:2      | Found a shimmering altar of Xom.
  1812 | D:3      | Noticed p0werm0de's ghost (weakling OpAM)
  1969 | D:4      | Slain by a hound

Vault maps used:
D:1:      minmay_arrival_open_corners
D:2:      xom_redecorated, kennysheep_path_1, minmay_tromino_v7
D:4:      lemuel_coloured_pillars_altar, led_sif_book, first_bread,
          uniq_sigmund, uniq_natasha

Skill      XL: |  1  2  3 |
---------------+----------+-----
Long Blades    | 2 3 |  3.5
Fighting       | |  2.0
Armour         | |  0.7
Dodging        | |  0.7
Spellcasting   | |  2.0
Charms         | |  2.4

Action                   || total
-------------------------++-------
Melee: Falchion          ||   128
 Cast: Infusion          ||    21
  Use: Scroll            ||     2
Armor: Leather armour    ||    40
Dodge: Dodged            ||    80
       Rpst.: Falchion   ||    27
